 Dungeon Crawl Stone Soup version 0.30.0-17-ge0270778cf (webtiles) character file.

Game seed: 16782048446125496882

1117 Twinkles the Slasher (level 8, -1/62 HPs)
             Began as a Vampire Warper on May 21, 2023.
             Was a Believer of Okawaru.
             Slain by a kobold brigand
             ... wielding a +1 short sword of freezing
              (3 damage)
             ... on level 6 of the Dungeon.
             The game lasted 00:13:06 (5694 turns).

Twinkles the Slasher (Vampire Warper)               Turns: 5694, Time: 00:13:07

Health: -1/62      AC:  3    Str: 10    XL:     8   Next: 12%
Magic:  9/11       EV: 14    Int: 15    God:    Okawaru [**....]
Gold:   239        SH:  6    Dex: 16    Spells: 7/11 levels left

rFire   . . .        l - +2 dagger (elec)
rCold   . . .        q - +0 buckler
rNeg    . . .        b - +0 leather armour
rPois   .            (no helmet)
rElec   .            (no cloak)
rCorr   .            (no gloves)
SInv    +            (no boots)
Will    .....        (no amulet)
Stlth   ++++         (no ring)
HPRegen 0.50/turn    (no ring)
MPRegen 0.12/turn

%: no passive effects
@: heroic, healing quickly
A: alive, fangs 3, see invisible, vampiric 2
a: Exsanguinate, Renounce Religion, Heroism


You were on level 6 of the Dungeon.
You worshipped Okawaru.
Okawaru was pleased with you.
You visited 2 branches of the dungeon, and saw 7 of its levels.

You collected 304 gold pieces.
You spent 65 gold pieces at shops.

Inventory:

Hand Weapons
 a - a +0 falchion
 l - a +2 dagger of electrocution (weapon)
Missiles
 o - 13 poisoned darts (quivered)
 r - 7 boomerangs of dispersal
Armour
 b - a +0 leather armour (worn)
 q - a +0 buckler (worn)
Jewellery
 f - a +5 ring of evasion
Wands
 d - a wand of digging (7)
 j - a wand of polymorph (9)
Scrolls
 c - a scroll of torment {unknown}
 e - a scroll of fear {unknown}
 g - 3 scrolls of fog {unknown}
 k - a scroll of immolation {unknown}
 n - 3 scrolls of enchant armour {unknown}
 p - 2 scrolls of magic mapping {unknown}
 t - a scroll of poison {unknown}
 D - a scroll of blinking
 Y - 5 scrolls of teleportation
Potions
 A - a potion of attraction
 G - a potion of ambrosia
 H - 2 potions of haste
 J - 4 potions of curing
 N - 2 potions of heal wounds


   Skills:
 + Level 5.0(10.0) Fighting
 + Level 6.0(11.0) Long Blades
 - Level 0.7(5.7) Throwing
 - Level 0.7(5.7) Armour
 - Level 2.1(7.1) Dodging
 - Level 4.7(9.7) Stealth
 - Level 3.0(8.0) Shields
 - Level 2.0 Spellcasting
 - Level 2.4 Translocations
 + Level 2.2 Invocations


You had 7 spell levels left.
You knew the following spells:

 Your Spells              Type           Power      Damage    Failure   Level
a - Blink                 Tloc           16%        N/A       22%         2
b - Lesser Beckoning      Tloc           16%        N/A       22%         2

Your spell library contained the following spells:

 Spells                   Type           Power      Damage    Failure   Level
 Apportation              Tloc           16%        N/A       14%         1
 Necrotise                Necr           4%         1d4       36%         1
 Teleport Other           Tloc           8%         N/A       41%         3
 Vhi's Electric Charge    Tloc/Air       10%        N/A       56%         3
 Inner Flame              Hex/Fire       1%         N/A       75%         3
 Manifold Assault         Tloc           8%         N/A       82%         4
 Flame Wave               Conj/Fire      1%         2d4       98%         4
 Sticky Flame             Conj/Fire      1%         2d3       98%         4
 Arcjolt                  Conj/Air       0%         1d10      100%        5
 Maxwell's Capacitive Co  Air            0%         ∞         100%        8
 Summon Small Mammal      Summ           Unusable   N/A       N/A         1

Dungeon Overview and Level Annotations

Branches:
Dungeon (6/15) Zot: 26350  Temple (1/1) D:5 Zot: 5734

Altars:
Ashenzari
Cheibriados
Dithmenos
Fedhas
Gozag
Hepliaklqana
Kikubaaqudgha
Makhleb
Nemelex Xobeh
Okawaru
Qazlal
Sif Muna
Trog
Uskayaw
Wu Jian
Xom
Yredelemnul

Shops:
D:4 ?

Annotations:
D:3 Grinder, Natasha, Sigmund
D:5 2 transporters


Innate Abilities, Weirdness & Mutations

Your natural rate of healing is accelerated.
You have razor-sharp teeth.
You have supernaturally acute eyesight. (SInv)
You are afflicted with vampirism and can become a bat while bloodless.


Message History

The kobold brigand hits you with a +1 short sword of freezing.
The kobold brigand freezes you.
You barely miss the kobold brigand. You bite the kobold brigand.
The kobold brigand is moderately wounded.
You feel sick.
The kobold brigand hits you with a +1 short sword of freezing.
The kobold brigand freezes you.
You closely miss the kobold brigand.
The kobold brigand is moderately wounded.
You feel sick.
The kobold brigand hits you with a +1 short sword of freezing!
The kobold brigand freezes you.
* * * LOW HITPOINT WARNING * * *
Okay, then.
Unknown command.
Okay, then.
You gain the combat prowess of a mighty hero.
You feel sick.
The kobold brigand hits you with a +1 short sword of freezing.
* * * LOW HITPOINT WARNING * * *
The kobold brigand freezes you.
* * * LOW HITPOINT WARNING * * *
You hit the kobold brigand but do no damage.
The kobold brigand is moderately wounded.
You hit the kobold brigand.
The kobold brigand is moderately wounded.
You feel sick.
You are no longer poisoned.
You block the kobold brigand's attack.
You hit the kobold brigand.
The kobold brigand is heavily wounded.
You hit the kobold brigand but do no damage.
The kobold brigand is heavily wounded.
You block the kobold brigand's attack.
You completely miss the kobold brigand.
The kobold brigand is heavily wounded.
The kobold brigand hits you with a +1 short sword of freezing!
* * * LOW HITPOINT WARNING * * *
The kobold brigand freezes you.
You die...

#.. #...# .....# #.. #.....
....# ... #.. .....
....#####+##...#.. #...
..............#.. ##.#
#...###.............#..
..........##............##..
#..#...##.##............##..
#..#...#...@K...............
#..#...#..###'#.............
#..#...#.)# #.# ............
#..#......# #.##########....
#..#......# #.#.......##....
#.........# #.#.......##....
#.####.#..# #.#.......##....
##......#.<###...............
#.......#...[....).....##....


You could see a kobold brigand.

Vanquished Creatures
  A black bear (D:5)
  3 ogres
  2 bullfrogs (D:6)
  2 scorpions (D:5)
  A gnoll bouda (D:6)
  An orc priest (D:4)
  2 hounds
  An orc wizard (D:5)
  Natasha (D:3)
  5 iguanas
  5 gnolls
  9 adders
  2 ufetubi
  2 worms (D:2)
  4 dart slugs
  6 orcs (D:4)
  7 ball pythons
  8 bats
  8 endoplasms
  2 giant cockroaches (D:1)
  13 hobgoblins
  5 kobolds
  3 quokkas
  4 frilled lizards
  3 goblins
  4 rats
104 creatures vanquished.

Notes
Turn   | Place    | Note
-------+----------+-------------------------------------------
     0 | D:1      | Twinkles the Vampire Warper began the quest for the Orb.
     0 | D:1      | Reached XP level 1. HP: 16/16 MP: 3/3
    89 | D:1      | Reached skill level 1 in Stealth
    94 | D:1      | Reached XP level 2. HP: 22/22 MP: 5/5
   659 | D:1      | Gained mutation: You are afflicted with vampirism and can
                  | become a bat while bloodless. [Vampire growth]
   659 | D:1      | Reached XP level 3. HP: 27/27 MP: 6/6
  1049 | D:2      | Reached skill level 3 in Long Blades
  1050 | D:1      | HP: 9/27 [poisoned by an adder]
  1505 | D:2      | Found a faded altar of an unknown god.
  1775 | D:3      | Noticed Grinder
  1955 | D:3      | Reached XP level 4. HP: 34/34 MP: 7/7
  2074 | D:3      | Noticed Natasha
  2090 | D:3      | Learned a level 2 spell: Blink
  2093 | D:3      | Learned a level 2 spell: Lesser Beckoning
  2102 | D:3      | Killed Natasha
  2243 | D:3      | Noticed Natasha
  2378 | D:3      | Noticed Sigmund
  2877 | D:4      | Reached skill level 4 in Long Blades
  2877 | D:4      | Reached XP level 5. HP: 32/40 MP: 8/8
  3320 | D:4      | Found a shadowy altar of Dithmenos.
  3327 | D:4      | Found a sparkling altar of Nemelex Xobeh.
  3330 | D:4      | Found a basalt altar of Yredelemnul.
  3421 | D:4      | Found Vugroj's Magic Scroll Boutique.
  3440 | D:4      | Bought a scroll of teleportation for 39 gold pieces
  3440 | D:4      | Bought a scroll of identify for 26 gold pieces
  3726 | D:5      | Entered Level 5 of the Dungeon
  3748 | D:4      | HP: 10/41 [iguana (12)]
  3749 | D:4      | HP: 3/41 [iguana (8)]
  3754 | D:4      | HP: 12/41 [iguana (5)]
  3861 | D:5      | Found a staircase to the Ecumenical Temple.
  3876 | Temple   | Entered the Ecumenical Temple
  3880 | Temple   | Reached XP level 6. HP: 42/47 MP: 9/9
  4135 | Temple   | Became a worshipper of Warmaster Okawaru
  4262 | D:5      | Reached skill level 1 in Shields
  4408 | D:5      | Reached * piety under Okawaru
  4409 | D:5      | Reached skill level 5 in Long Blades
  4437 | D:5      | Found a transporter.
  4442 | D:5      | Found a transporter.
  4454 | D:5      | Identified the +8 trident of Foolhardiness {venom, rN+
                  | SInv}
  4494 | D:5      | Reached XP level 7. HP: 26/54 MP: 10/10
  4742 | D:5      | Identified the ring "Zositz" {rC+ rN++ rCorr Int+5 Stlth-}
  4818 | D:5      | Found a faded altar of an unknown god.
  4857 | D:5      | Found a broken altar of Ashenzari.
  4860 | D:5      | Found a stormy altar of Qazlal.
  4862 | D:5      | Found a hazy altar of Hepliaklqana.
  4915 | D:5      | Reached skill level 1 in Invocations
  5262 | D:6      | HP: 14/55 [ogre/+0 giant club (24)]
  5263 | D:6      | Reached ** piety under Okawaru
  5264 | D:6      | Reached XP level 8. HP: 16/61 MP: 11/11
  5458 | D:6      | Reached skill level 5 in Fighting
  5458 | D:6      | Reached skill level 6 in Long Blades
  5663 | D:6      | Upgraded the game from 0.30.0-16-gbe6223bb7e to
                  | 0.30.0-17-ge0270778cf
  5688 | D:6      | HP: 19/62 [kobold brigand/+1 short sword of freezing (8)]
  5689 | D:6      | HP: 9/62 [kobold brigand/+1 short sword of freezing (1)]
  5694 | D:6      | HP: 2/62 [kobold brigand/+1 short sword of freezing (7)]
  5694 | D:6      | Slain by a kobold brigand

Illustrated notes

Levels and vault maps discovered:
D:1:      amcnicky_arrival_feature_with_door, layout_loops_corners,
          chequers_serial_rivers_small_b
D:2:      layout_basic, shapermc_ecumenical_altar_venn
D:3:      layout_basic, minmay_misc_feat_tower, uniq_sigmund, uniq_natasha,
          uniq_grinder
D:4:      minmay_spotlight, layout_basic, minmay_overflow_temple_star_quad,
          serial_shops, nicolae_shop_statue_plus
D:5:      layout_cave_pools, chequers_temple_overflow_minitemple,
          minmay_temple_entry_statues_pillars, gammafunk_ghost_gnarly_gnolls
D:6:      layout_basic, st_stairs_12, lightli_corner_chamber
Temple:   compressed_dpeg_triangle_lava_temple

Skill      XL: |  1  2  3  4  5  6  7  8 |
---------------+-------------------------+-----
Stealth        | 1 2 3 4 |  4.7
Fighting       | 2 3 4 5 |  5.0
Long Blades    | 3 4 5 6 |  6.0
Shields        | 1 3 |  3.0
Invocations    | 2 |  2.2
Throwing       | |  0.7
Armour         | |  0.7
Dodging        | |  2.1
Spellcasting   | |  2.0
Translocations | |  2.4

Action                     |  1- 3 |  4- 6 |  7- 9 || total
---------------------------+-------+-------+-------++-------
  Melee: Falchion          |    99 |       |       ||    99
         Bite              |    13 |     8 |    15 ||    36
         Punch             |     1 |       |       ||     1
         Dagger            |     1 |   121 |   106 ||   228
  Throw: Dart              |       |     2 |    13 ||    15
 Invoke: Heroism           |       |       |     1 ||     1
    Use: Scroll            |       |     5 |       ||     5
         Potion            |       |     1 |       ||     1
   Stab: Sleeping          |     8 |     7 |       ||    15
         Distracted        |       |     1 |       ||     1
 Armour: Leather armour    |    16 |    12 |    18 ||    46
  Dodge: Dodged            |    63 |    69 |    30 ||   162
  Block: Buckler           |       |     9 |    23 ||    32
